General information
- name: BNet
- type: Ladder team game (AT/RT)
- host: Battle.net
- saver: LordUmbriel
map: DragonFalls
- players: 8
- length: 31:30
- speed: Fast
- version: 1.26 W3XP
- replay type: Public
» download(216 KB)
Players
team 1 (winner)
Apocalix (
red | 54 APM | 1411 actions | 26:10)
6 Priestess of the Moon
2 Scout
3 Trueshot Aura
1 Starfall
2 Keeper of the Grove
1 Entangling Roots
1 Thorns Aura
» actions
| Assign group hotkey | 41 | |
| Basic commands | 3 | |
| Build / train | 99 | |
| Enter build submenu | 23 | |
| Enter hero's abilities submenu | 8 | |
| Remove unit from queue | 3 | |
| Right click | 439 | |
| Select / deselect | 314 | |
| Select group hotkey | 420 | |
| Use ability | 61 | |
1411 total
» units
| Wisp | 24 | |
| Archer | 25 | |
| Druid of the Talon | 15 | |
64 total
» upgrades
| Strength of the Moon | 3 | |
| Improved Bows | 1 | |
| Marksmanship | 1 | |
| Druid of the Talon Training | 3 | |
| Nature's Blessing | 1 | |
| Moon Armor | 3 | |
| Well Spring | 1 | |
| Ultravision | 1 | |
| Mark of the Talon | 1 | |
15 total
» buildings
| Altar of Elders | 1 | |
| Moon Well | 5 | |
| Ancient of War | 2 | |
| Ancient of Wonders | 1 | |
| Tree of Ages | 1 | |
| Hunter's Hall | 1 | |
| Tree of Eternity | 1 | |
| Tree of Life | 7 | |
| Ancient of Wind | 1 | |
| Ancient Protector | 9 | |
29 total
» build order
00:10 Altar of Elders
00:21 Moon Well
00:57 Ancient of War
01:30 Moon Well
01:44 Ancient of Wonders
02:46 Tree of Ages
03:30 Moon Well
04:10 Hunter's Hall
05:23 Tree of Eternity
05:47 Tree of Life
06:05 Ancient of Wind
07:06 Moon Well
10:56 Moon Well
12:51 Ancient Protector
12:52 Ancient Protector
12:53 Ancient Protector
14:48 Ancient of War
15:08 Ancient Protector
15:10 Ancient Protector
15:12 Ancient Protector
15:20 Ancient Protector
15:22 Ancient Protector
15:40 Ancient Protector
16:42 Tree of Life
18:54 Tree of Life
21:08 Tree of Life
23:22 Tree of Life
24:13 Tree of Life
25:04 Tree of Life
» items
| Scroll of Town Portal | 3 | |
| Potion of Healing | 1 | |
4 total
Alpha88[eA] (
teal | 48 APM | 1419 actions | 29:52)
5 Blademaster
3 Wind Walk
2 Critical Strike
» actions
| Assign group hotkey | 13 | |
| Basic commands | 14 | |
| Build / train | 63 | |
| Enter build submenu | 19 | |
| Enter hero's abilities submenu | 5 | |
| Remove unit from queue | 3 | |
| Right click | 607 | |
| Select / deselect | 467 | |
| Select group hotkey | 155 | |
| Use ability | 73 | |
1419 total
» units
| Peon | 8 | |
| Grunt | 5 | |
| Tauren | 11 | |
| Shaman | 7 | |
| Troll Headhunter/Berserker | 5 | |
36 total
» upgrades
| Shaman Training | 2 | |
| Pulverize | 1 | |
| Melee Weapons | 1 | |
| Berserker Upgrade | 1 | |
| Ranged Weapons | 1 | |
6 total
» buildings
| Altar of Storms | 1 | |
| Orc Burrow | 6 | |
| Barracks | 2 | |
| Stronghold | 1 | |
| Voodoo Lounge | 1 | |
| War Mill | 1 | |
| Fortress | 1 | |
| Spirit Lodge | 1 | |
| Tauren Totem | 2 | |
| Great Hall | 1 | |
17 total
» build order
00:07 Altar of Storms
00:10 Orc Burrow
00:23 Barracks
01:46 Orc Burrow
02:45 Stronghold
03:01 Voodoo Lounge
04:04 War Mill
04:09 Orc Burrow
05:11 Fortress
05:41 Spirit Lodge
07:15 Orc Burrow
08:03 Tauren Totem
08:24 Tauren Totem
09:53 Orc Burrow
10:51 Orc Burrow
17:23 Barracks
21:02 Great Hall
» items
| Healing Salve | 4 | |
| Lesser Clarity Potion | 1 | |
| Orb of Lightning | 1 | |
| Potion of Healing | 2 | |
| Scroll of Town Portal | 2 | |
10 total
Caesar (
pink | 73 APM | 2283 actions | 31:29)
7 Archmage
3 Summon Water Elemental
3 Brilliance Aura
1 Mass Teleport
5 Mountain King
3 Storm Bolt
2 Bash
6 Paladin
3 Holy Light
1 Divine Shield
2 Devotion Aura
» actions
| Assign group hotkey | 71 | |
| Basic commands | 124 | |
| Build / train | 100 | |
| Enter build submenu | 44 | |
| Enter hero's abilities submenu | 16 | |
| Give item / drop item | 4 | |
| Remove unit from queue | 2 | |
| Right click | 802 | |
| Select / deselect | 436 | |
| Select group hotkey | 516 | |
| Use ability | 168 | |
2283 total
» units
| Peasant | 13 | |
| Footman | 5 | |
| Goblin Shredder | 1 | |
| Dragonhawk Rider | 13 | |
| Goblin Zeppelin | 1 | |
| Gryphon Rider | 2 | |
| Green Dragon | 1 | |
36 total
» upgrades
| Lumber Harvesting | 2 | |
| Masonry | 3 | |
| Swords | 3 | |
| Armor | 3 | |
| Animal War Training | 1 | |
| Cloud | 1 | |
| Storm Hammers | 1 | |
14 total
» buildings
| Altar of Kings | 2 | |
| Barracks | 2 | |
| Farm | 14 | |
| Scout Tower | 14 | |
| Arcane Tower | 1 | |
| Keep | 1 | |
| Lumber Mill | 2 | |
| Town Hall | 3 | |
| Arcane Vault | 2 | |
| Blacksmith | 2 | |
| Guard Tower | 4 | |
| Castle | 1 | |
| Gryphon Aviary | 5 | |
53 total
» build order
00:37 Altar of Kings
00:40 Altar of Kings
00:42 Barracks
00:50 Farm
00:53 Farm
00:55 Barracks
01:06 Farm
01:17 Farm
01:25 Scout Tower
01:49 Farm
02:08 Arcane Tower
02:45 Farm
03:38 Keep
04:01 Lumber Mill
04:29 Town Hall
04:40 Arcane Vault
07:45 Scout Tower
07:46 Scout Tower
07:47 Scout Tower
08:10 Blacksmith
08:12 Blacksmith
10:10 Guard Tower
10:12 Castle
10:46 Scout Tower
10:47 Scout Tower
10:48 Scout Tower
10:49 Scout Tower
10:50 Scout Tower
10:54 Town Hall
10:56 Scout Tower
10:58 Scout Tower
10:59 Scout Tower
11:01 Scout Tower
11:04 Scout Tower
11:45 Guard Tower
12:09 Guard Tower
12:13 Town Hall
12:19 Guard Tower
14:26 Gryphon Aviary
14:27 Gryphon Aviary
14:27 Gryphon Aviary
14:28 Gryphon Aviary
14:37 Gryphon Aviary
14:58 Farm
15:00 Farm
15:02 Farm
15:04 Farm
17:34 Lumber Mill
17:56 Farm
17:57 Farm
17:58 Farm
18:00 Farm
20:41 Arcane Vault
» items
| Scroll of Regeneration | 8 | |
| Boots of Speed | 2 | |
| Periapt of Vitality | 2 | |
| Potion of Healing | 3 | |
| Scroll of Town Portal | 2 | |
| Potion of Lesser Invulnerability | 1 | |
| Scroll of Protection | 1 | |
| Scroll of Healing | 1 | |
20 total
LordUmbriel (
orange | 72 APM | 2269 actions | 31:30)
5 Mountain King
3 Storm Bolt
2 Bash
» actions
| Assign group hotkey | 32 | |
| Basic commands | 144 | |
| Build / train | 87 | |
| ESC pressed | 1 | |
| Enter build submenu | 34 | |
| Enter hero's abilities submenu | 5 | |
| Give item / drop item | 9 | |
| Right click | 931 | |
| Select / deselect | 392 | |
| Select group hotkey | 557 | |
| Use ability | 77 | |
2269 total
» units
| Peasant | 16 | |
| Footman | 6 | |
| Gryphon Rider | 8 | |
| Dragonhawk Rider | 1 | |
| Green Dragon | 1 | |
32 total
» upgrades
| Masonry | 3 | |
| Swords | 3 | |
| Animal War Training | 1 | |
| Storm Hammers | 1 | |
| Cloud | 1 | |
| Armor | 3 | |
| Lumber Harvesting | 1 | |
| Gunpowder | 1 | |
| Plating | 1 | |
15 total
» buildings
| Altar of Kings | 1 | |
| Farm | 9 | |
| Barracks | 1 | |
| Scout Tower | 9 | |
| Arcane Tower | 1 | |
| Arcane Vault | 1 | |
| Keep | 1 | |
| Town Hall | 2 | |
| Lumber Mill | 1 | |
| Castle | 1 | |
| Gryphon Aviary | 2 | |
| Guard Tower | 11 | |
| Blacksmith | 1 | |
41 total
» build order
00:03 Altar of Kings
00:09 Farm
01:15 Farm
01:41 Barracks
01:54 Scout Tower
02:15 Farm
02:21 Arcane Tower
02:24 Arcane Vault
02:51 Keep
03:29 Farm
04:38 Town Hall
04:44 Lumber Mill
06:08 Scout Tower
06:26 Castle
06:31 Gryphon Aviary
06:38 Scout Tower
06:40 Guard Tower
07:09 Gryphon Aviary
07:16 Guard Tower
07:38 Scout Tower
07:39 Scout Tower
08:41 Blacksmith
09:53 Guard Tower
11:08 Guard Tower
11:11 Guard Tower
11:41 Farm
13:46 Farm
14:11 Farm
16:20 Farm
17:19 Guard Tower
17:21 Guard Tower
17:39 Guard Tower
19:23 Farm
21:55 Scout Tower
21:59 Scout Tower
22:26 Guard Tower
22:28 Town Hall
26:37 Scout Tower
26:40 Scout Tower
27:04 Guard Tower
27:06 Guard Tower
» items
| Scroll of Regeneration | 7 | |
| Boots of Speed | 1 | |
| Staff of Teleportation | 1 | |
| Lesser Clarity Potion | 1 | |
| Ivory Tower | 6 | |
| Orb of Fire | 1 | |
| Scroll of Town Portal | 2 | |
19 total
team 2 (loser)

»
Elvorion (
blue | 33 APM | 744 actions | 22:46)
4 Death Knight
2 Death Coil
1 Death Pact
1 Unholy Aura
2 Lich
1 Frost Nova
1 Frost Armor
» actions
| Assign group hotkey | 9 | |
| Build / train | 47 | |
| Enter build submenu | 18 | |
| Enter hero's abilities submenu | 6 | |
| Give item / drop item | 1 | |
| Right click | 330 | |
| Select / deselect | 148 | |
| Select group hotkey | 136 | |
| Use ability | 49 | |
744 total
» units
| Acolyte | 4 | |
| Ghoul | 4 | |
| Crypt Fiend | 5 | |
| Frost Wyrm | 3 | |
| Gargoyle | 8 | |
24 total
» upgrades
| Creature Attack | 2 | |
| Creature Carapace | 2 | |
| Freezing Breath | 1 | |
5 total
» buildings
| Crypt | 1 | |
| Ziggurat | 10 | |
| Graveyard | 1 | |
| Altar of Darkness | 1 | |
| Halls of the Dead | 1 | |
| Tomb of Relics | 1 | |
| Black Citadel | 1 | |
| Sacrificial Pit | 1 | |
| Boneyard | 3 | |
20 total
» build order
00:12 Crypt
00:15 Ziggurat
00:40 Graveyard
01:21 Altar of Darkness
01:55 Ziggurat
02:56 Ziggurat
03:29 Ziggurat
05:15 Halls of the Dead
06:15 Tomb of Relics
06:18 Ziggurat
07:41 Black Citadel
09:49 Sacrificial Pit
09:51 Ziggurat
09:53 Ziggurat
10:51 Boneyard
10:55 Boneyard
11:55 Boneyard
14:40 Ziggurat
14:41 Ziggurat
15:01 Ziggurat
» items
| Scroll of Town Portal | 2 | |
| Rod of Necromancy | 4 | |
| Dust of Appearance | 1 | |
| Orb of Corruption | 1 | |
8 total
PinkPanthersSon (
yellow | 64 APM | 1310 actions | 20:22)
5 Mountain King
2 Storm Bolt
3 Thunder Clap
» actions
| Assign group hotkey | 34 | |
| Basic commands | 64 | |
| Build / train | 95 | |
| ESC pressed | 1 | |
| Enter build submenu | 33 | |
| Enter hero's abilities submenu | 5 | |
| Give item / drop item | 2 | |
| Remove unit from queue | 4 | |
| Right click | 390 | |
| Select / deselect | 244 | |
| Select group hotkey | 358 | |
| Use ability | 80 | |
1310 total
» units
| Peasant | 19 | |
| Footman | 7 | |
| Gryphon Rider | 14 | |
| Dragonhawk Rider | 11 | |
51 total
» upgrades
| Masonry | 3 | |
| Swords | 3 | |
| Lumber Harvesting | 2 | |
| Defend | 0 | |
| Armor | 2 | |
| Animal War Training | 1 | |
| Storm Hammers | 1 | |
| Cloud | 1 | |
13 total
» buildings
| Barracks | 1 | |
| Altar of Kings | 1 | |
| Farm | 12 | |
| Scout Tower | 9 | |
| Arcane Tower | 1 | |
| Arcane Vault | 1 | |
| Lumber Mill | 1 | |
| Town Hall | 2 | |
| Keep | 1 | |
| Blacksmith | 1 | |
| Guard Tower | 6 | |
| Gryphon Aviary | 3 | |
| Castle | 1 | |
40 total
» build order
00:04 Barracks
00:09 Altar of Kings
00:38 Farm
01:10 Farm
01:23 Scout Tower
01:50 Farm
02:06 Arcane Tower
02:39 Farm
03:16 Arcane Vault
03:43 Lumber Mill
04:28 Scout Tower
04:47 Town Hall
04:57 Keep
05:09 Scout Tower
05:39 Blacksmith
06:51 Guard Tower
07:02 Scout Tower
07:05 Scout Tower
07:40 Gryphon Aviary
07:42 Guard Tower
08:23 Castle
08:32 Scout Tower
08:59 Gryphon Aviary
09:34 Gryphon Aviary
09:58 Scout Tower
09:59 Guard Tower
10:25 Guard Tower
10:29 Farm
11:31 Farm
12:13 Farm
12:59 Farm
14:19 Scout Tower
14:57 Scout Tower
14:58 Guard Tower
15:08 Farm
15:10 Farm
15:29 Farm
15:31 Guard Tower
16:13 Farm
18:44 Town Hall
» items
| Scroll of Regeneration | 5 | |
| Lesser Clarity Potion | 3 | |
| Scroll of Town Portal | 3 | |
| Orb of Fire | 1 | |
12 total
stupid-muslims (
purple | 80 APM | 1821 actions | 22:49)
4 Death Knight
2 Death Coil
2 Unholy Aura
2 Crypt Lord
1 Impale
1 Spiked Carapace
2 Lich
1 Frost Armor
1 Frost Nova
» actions
| Assign group hotkey | 41 | |
| Basic commands | 145 | |
| Build / train | 99 | |
| ESC pressed | 11 | |
| Enter build submenu | 18 | |
| Enter hero's abilities submenu | 8 | |
| Give item / drop item | 2 | |
| Right click | 767 | |
| Select / deselect | 338 | |
| Select group hotkey | 274 | |
| Use ability | 118 | |
1821 total
» units
| Acolyte | 13 | |
| Ghoul | 9 | |
| Crypt Fiend | 16 | |
| Obsidian Statue | 6 | |
| Frost Wyrm | 4 | |
| Gargoyle | 7 | |
55 total
» upgrades
| Creature Attack | 2 | |
| Creature Carapace | 1 | |
| Web | 1 | |
| Burrow | 1 | |
| Destroyer Form | 1 | |
6 total
» buildings
| Altar of Darkness | 1 | |
| Crypt | 1 | |
| Ziggurat | 7 | |
| Graveyard | 1 | |
| Tomb of Relics | 1 | |
| Nerubian Tower | 3 | |
| Necropolis | 2 | |
| Halls of the Dead | 1 | |
| Spirit Tower | 3 | |
| Slaughterhouse | 1 | |
| Black Citadel | 2 | |
| Sacrificial Pit | 1 | |
| Boneyard | 2 | |
26 total
» build order
00:30 Altar of Darkness
00:34 Crypt
00:48 Ziggurat
01:09 Graveyard
01:20 Tomb of Relics
02:01 Ziggurat
02:09 Nerubian Tower
06:00 Necropolis
06:02 Ziggurat
06:04 Ziggurat
06:09 Halls of the Dead
06:58 Nerubian Tower
07:31 Spirit Tower
09:39 Necropolis
09:42 Ziggurat
09:44 Ziggurat
09:50 Slaughterhouse
09:52 Nerubian Tower
10:28 Black Citadel
10:28 Black Citadel
10:40 Spirit Tower
10:48 Spirit Tower
12:46 Sacrificial Pit
14:19 Boneyard
14:22 Boneyard
16:25 Ziggurat
» items
| Rod of Necromancy | 3 | |
| Sacrificial Skull | 1 | |
| Dust of Appearance | 1 | |
| Potion of Healing | 3 | |
| Scroll of Town Portal | 3 | |
| Orb of Corruption | 1 | |
12 total
CHUMO-D (
green | 61 APM | 1912 actions | 31:28)
6 Dark Ranger
3 Black Arrow
2 Silence
1 Charm
1 Lich
1 Frost Nova
1 Mountain King
1 Storm Bolt
» actions
| Assign group hotkey | 31 | |
| Basic commands | 10 | |
| Build / train | 65 | |
| Enter build submenu | 29 | |
| Enter hero's abilities submenu | 8 | |
| Give item / drop item | 4 | |
| Right click | 746 | |
| Select / deselect | 261 | |
| Select group hotkey | 665 | |
| Use ability | 93 | |
1912 total
» units
| Peon | 14 | |
| Grunt | 4 | |
| Goblin Shredder | 2 | |
| Wind Rider | 6 | |
| Goblin Zeppelin | 1 | |
| Gryphon Rider | 6 | |
| Frost Wyrm | 1 | |
34 total
» upgrades
| Ranged Weapons | 3 | |
| Armor | 3 | |
| Envenomed Spears | 1 | |
| Reinforced Defenses | 1 | |
8 total
» buildings
| Barracks | 1 | |
| Orc Burrow | 8 | |
| Altar of Storms | 1 | |
| Stronghold | 2 | |
| War Mill | 2 | |
| Voodoo Lounge | 1 | |
| Great Hall | 3 | |
| Watch Tower | 31 | |
| Fortress | 2 | |
| Beastiary | 3 | |
| Town Hall | 1 | |
55 total
» build order
00:10 Barracks
00:18 Orc Burrow
01:01 Altar of Storms
01:37 Orc Burrow
02:56 Stronghold
02:56 Stronghold
03:51 Orc Burrow
04:40 War Mill
04:53 Voodoo Lounge
05:08 Great Hall
05:12 Orc Burrow
06:08 Watch Tower
06:12 Watch Tower
08:41 Fortress
08:41 Fortress
08:46 Beastiary
08:48 Beastiary
08:49 Beastiary
08:59 Watch Tower
09:00 Watch Tower
09:27 Orc Burrow
09:28 Orc Burrow
10:12 Watch Tower
10:12 Watch Tower
10:13 Watch Tower
10:13 Watch Tower
10:15 Watch Tower
10:17 Watch Tower
10:55 War Mill
12:42 Watch Tower
12:43 Watch Tower
12:44 Watch Tower
12:51 Watch Tower
12:51 Watch Tower
12:51 Watch Tower
12:52 Watch Tower
12:53 Watch Tower
13:09 Watch Tower
13:09 Watch Tower
15:09 Watch Tower
15:09 Watch Tower
15:11 Watch Tower
15:12 Watch Tower
18:55 Watch Tower
18:55 Watch Tower
18:56 Watch Tower
19:21 Orc Burrow
25:49 Great Hall
25:51 Watch Tower
25:51 Watch Tower
25:52 Watch Tower
25:52 Watch Tower
26:01 Great Hall
28:49 Town Hall
» items
| Healing Salve | 3 | |
| Staff of Teleportation | 1 | |
| Potion of Lesser Invulnerability | 1 | |
| Potion of Invisibility | 1 | |
| Orb of Lightning | 1 | |
| Scroll of Town Portal | 1 | |
8 total
Chat log
(00:12 / All) Caesar: Out of my kingdom, plebeians
(00:32 / All) LordUmbriel: Shut up, Ivlivs. Go home, Romans
(00:48 / Allies) Alpha88[eA]: rush
(00:49 / All) Apocalix: VOS YEUL TABARNAC
(03:46 / Allies) LordUmbriel: I'll expo here
(03:49 / Allies) Apocalix: go
(04:19 / Allies) Alpha88[eA]: pink
(04:22 / Allies) Alpha88[eA]: wanna hit purple with me
(05:02 / Allies) Alpha88[eA]: nobody coming?
(05:28 / Allies) Alpha88[eA]: kids.
(06:32 / Allies) Apocalix: wood pls
(08:31 / Allies) Alpha88[eA]: u guys
(08:33 / Allies) Alpha88[eA]: lets group and hit
(08:38 / Allies) Apocalix: wait
(08:39 / Allies) Alpha88[eA]: before he gets alot of towers up
(08:48 / Allies) Apocalix: i need 100 wood for go hit
(10:22 / Allies) Alpha88[eA]: k lets hit
(10:22 / Allies) Alpha88[eA]: christ
(10:26 / Allies) Alpha88[eA]: group there
(10:28 / Allies) Alpha88[eA]: everyone
(11:06 / Allies) Apocalix: wood
(12:28 / Allies) Alpha88[eA]: lets go
(14:01 / All) Caesar: they always focus my archmage
(14:17 / Allies) Alpha88[eA]: we go back soon
(14:18 / Allies) Alpha88[eA]: theyre weak
(14:39 / Allies) Alpha88[eA]: pink
(14:41 / Allies) Alpha88[eA]: you have 6k gold
(14:42 / Allies) Alpha88[eA]: send me some
(14:43 / Allies) Alpha88[eA]: christ
(14:53 / Allies) LordUmbriel: expo if you need gold
(14:59 / Allies) Alpha88[eA]: he has 6 thousand shitdick
(15:01 / Allies) Alpha88[eA]: like spend it or send
(15:05 / Allies) Alpha88[eA]: and he took all the expos around me
(15:09 / Allies) Caesar: I'm about to spend
(15:20 / Allies) LordUmbriel: He is Caesar you should not talk back to him, plebeian
(16:07 / Allies) Caesar: wood
(16:28 / Allies) Caesar: I need wood don't be greedy children
(17:08 / All) Apocalix: o0
(17:29 / Allies) Caesar: wood
(17:49 / Allies) Apocalix: help
(18:04 / Allies) Apocalix: 3 v1
(18:07 / Allies) Apocalix: no helo
(19:17 / All) Elvorion: FUCK
(19:24 / Allies) Alpha88[eA]: orange
(19:26 / Allies) Alpha88[eA]: kill that
(20:03 / All) Elvorion: BACK
(20:59 / Allies) Apocalix: gold pls
(21:14 / Allies) Apocalix: out
(21:23 / Allies) Apocalix: k
(21:39 / All) Caesar: you bitch
(22:36 / All) Elvorion: GREEN
(22:47 / All) LordUmbriel: Sandwiched, bitch
(23:57 / All) Caesar: mass wyrms are effective
(24:03 / All) LordUmbriel: until they all die
(24:15 / All) Caesar: until they're raped by dhawks
(24:43 / Allies) Apocalix: wtf
(24:53 / All) CHUMO-D: leave noobs
(24:54 / Allies) Apocalix: orange noob killed me
(24:55 / All) CHUMO-D: i need to eat
(25:06 / Allies) Alpha88[eA]: yeah pinks doing the same thing its whatever
(25:29 / Allies) Apocalix: damn u jalous
(25:34 / All) Caesar: lol
(25:37 / All) Caesar: they always say that
(25:41 / Allies) LordUmbriel: i jaluous mang
(25:41 / All) Caesar: And always misspell jealous
(26:01 / All) Caesar: always NE that say it too well typically
(26:12 / All) LordUmbriel: They are noob elf after all
(27:19 / All) Caesar: I sh ouldn't have got 100 food
(27:22 / All) Caesar: it would have made the game longer
(27:32 / All) LordUmbriel: Teal, get the fuck out
(27:33 / All) LordUmbriel: THE
(27:34 / All) LordUmbriel: FUCK
(27:35 / All) LordUmbriel: OUT
(27:44 / Allies) Alpha88[eA]: im good thanks though
(27:53 / All) Caesar: You lose though
(27:55 / All) Caesar: Enjoy it
(27:56 / Allies) Alpha88[eA]: so i do
(28:01 / All) LordUmbriel: He is 12-8 absolutely terrible
(28:10 / Allies) Alpha88[eA]: 1v1?
(28:12 / Allies) Alpha88[eA]: ^^
(28:13 / Allies) LordUmbriel: Sure
(28:15 / Allies) Alpha88[eA]: k
(28:26 / Allies) LordUmbriel: You are barely 50% solo
(28:28 / Allies) LordUmbriel: I could rape you
(28:33 / All) Caesar: 12-8 lol 2-1 solo
(28:35 / Allies) Alpha88[eA]: well we're going to play so
(28:37 / Allies) Alpha88[eA]: we'll see then right?
(28:41 / Allies) LordUmbriel: Of course
(28:45 / Allies) Alpha88[eA]: good
(29:56 / All) LordUmbriel: Good, he left
(29:59 / All) CHUMO-D: who wins
(30:00 / All) LordUmbriel: Which team gets the loss?
(30:05 / All) Caesar: Stats his team
(30:16 / All) LordUmbriel: Red is 220-221
(30:27 / All) LordUmbriel: Those muslims are 9-3
(30:39 / All) LordUmbriel: Yellow is 40-33
(30:53 / All) LordUmbriel: Blue is 980-1014
(31:16 / All) CHUMO-D: my team ok
(31:21 / All) LordUmbriel: Okay
(31:23 / All) CHUMO-D: im watching tv
(31:26 / All) Caesar: How dare you try to build a hall in my base